[Event "*** Titled Tuesday Blitz"]
[Site "Chess.com"]
[Date "2020.04.14"]
[Round "9"]
[White "kleopl"]
[Black "blitzking1729"]
[Result "1-0"]
[WhiteElo "2420"]
[BlackElo "2572"]
[TimeControl "180+1"]
[EndTime "11:44:31 PDT"]
[Termination "kleopl won by checkmate"]

1. c4 e5 2. Nc3 d6 3. g3 f5 4. Bg2 Nf6 5. d4 e4 6. h4 Be7 7. Bg5 c6 8. Nh3 Be6 9. b3 O-O 10. O-O d5 11. Bxf6 Bxf6 12. cxd5 cxd5 13. Nf4 Bf7 14. b4 Nc6 15. a3 Nxd4 16. Rc1 Rc8 17. Ncxd5 Rxc1 18. Nxf6+ Qxf6 19. Qxc1 Qa6 20. e3 Nb3 21.
Qb2 Rd8 22. Re1 Qf6 23. Qxf6 gxf6 24. Bh3 Nd2 25. Kg2 Nc4 26. Bxf5 Re8 27. a4 Re5 28. Bc8 Nd6 29. Bd7 Re7 30. Bg4 Bb3 31. a5 f5 32. Be2 Rc7 33. Bd1 Bf7 34. Be2 Bb3 35. Rb1 Bf7 36. Rd1 Nc4 37. Bxc4 Rxc4 38. Rd4 Rxd4 39.
exd4 Kf8 40. Kf1 Ke7 41. Ke2 Kd6 42. Ke3 Kc6 43. Kd2 Kb5 44. Kc3 b6 45. axb6 axb6 46. Nh3 h6 47. Nf4 Ba2 48. Ng6 Be6 49. Ne7 Bd7 50.
d5 Ka4 51. Kc4 Bb5+ 52. Kc3 Bd7 53. Nc6 Kb5 54. Nd4+ Ka4 55. Kc4 Ka3 56. d6 Kb2 57.
b5 Kc1 58. Nc6 Kd2 59. Ne5 Be6+ 60. Kd4 Ke2 61. d7 Bxd7 62. Nxd7 Kxf2 63. Nxb6 e3 64.
Nd5 e2 65. Nf4 Kxg3 66. Nxe2+ Kf2 67. Nf4 Kg3 68. Ke5 Kxh4 69. b6 Kg4 70. b7 h5 71.
b8=Q h4 72. Qg8+ Kf3 73. Qg2+ Ke3 74. Qe2# 1-0

[Event "*** Titled Tuesday Blitz"]
[Site "Chess.com"]
[Date "2020.04.14"]
[Round "9"]
[White "chidori_boruto"]
[Black "AlexandraBotez"]
[Result "1-0"]
[WhiteElo "2620"]
[BlackElo "1997"]
[TimeControl "180+1"]
[EndTime "11:44:31 PDT"]
[Termination "chidori_boruto won by resignation"]

1. d4 Nf6 2. Bf4 g6 3. Nc3 d6 4.
e4 Bg7 5. Qd2 Nbd7 6. Nf3 c5 7.
d5 a6 8. a4 Nh5 9. Bg5 h6 10.
Be3 Qa5 11. Ra3 Nhf6 12. Bd3 Nf8 13. h3 g5 14. g4 Ng6 15. O-O Bd7 16. Re1 Qc7 17.
Bf1 Ne5 18. Nxe5 dxe5 19. a5 O-O 20. Rea1 Kh7 21. Bc4 Rg8 22. f3 Ne8 23. Qf2 Rc8 24.
Bf1 Nd6 25. h4 Rh8 26. hxg5 hxg5 27. Bxg5 f6 28. Be3 Kg6 29. Rb3 Rh7 30. Rb6 Rch8 31. Bg2 Nc8 32. Bxc5 Nxb6 33. axb6 Qc8 34. b4 Bxg4 35.
fxg4 Qxg4 36. Kf1 Rh2 37. Ne2 Kf7 38. Ng1 Bh6 39. Re1 Bf4 40. Qf3 Qg5 41. d6 Rg8 42.
Re2 exd6 43. Bxd6 Rd8 44. Qb3+ Kg7 45. Nf3 Rh7 46. Nxg5 Bxg5 47. Qe6 Kg6 48. Qf5+ Kg7 49. c4 Rh4 50. c5 Rf4+ 51. Qxf4 Bxf4 52. Bf3 Kf7 53. Rg2 Rh8 54. Be2 Be3 55. Bc4+ Ke8 56. Ke2 Bf4 57. Rg8+ Rxg8 58. Bxg8 Kd7 59. Bd5 Kc8 60.
Kd3 Bg5 61. Kc4 Bh4 62. Kb3 Bg5 63. Ka4 Bd2 64. b5 a5 65. Be6+ Kd8 66. c6 bxc6 67. bxc6 Be3 68. c7+ 1-0

[Event "*** Titled Tuesday Blitz"]
[Site "Chess.com"]
[Date "2020.04.14"]
[Round "9"]
[White "rasmussvane"]
[Black "Jagerrmeisterr"]
[Result "1-0"]
[WhiteElo "2877"]
[BlackElo "2692"]
[TimeControl "180+1"]
[EndTime "11:44:36 PDT"]
[Termination "rasmussvane won by resignation"]

1. Nf3 Nf6 2. g3 b6 3. Bg2 Bb7 4. O-O g6 5. d4 Bg7 6. c4 O-O 7. Re1 d6 8. Qc2 Be4 9. Qd2 Nbd7 10. Nc3 Bb7 11. e4 e5 12. Qc2 exd4 13. Nxd4 Re8 14. Bf4 Nc5 15. Rad1 Qc8 16. h3 a5 17. b3 Ra6 18. Ndb5 Ne6 19. Bxd6 cxd6 20. Nxd6 Qc7 21. Nxb7 Qxb7 22. e5 Qc8 23. exf6 Bxf6 24. Nb5 Be7 25. Qe4 Bb4 26. Re3 Bc5 27. Red3 a4 28. Qb7 Ra5 29. Qxc8 Rxc8 30. Bd5 axb3 31. axb3 Ra2 32. R1d2 Rxd2 33. Rxd2 Rd8 34. Kg2 Kg7 35. Re2 Kf6 36. Bxe6 fxe6 37. Nc7 Rd3 38. Rxe6+ Kf7 39.
Re2 Rxb3 40. Nd5 Rb1 41. Rc2 Rd1 42. Nc3 Rd4 43. Ne2 Rd3 44. Nf4 Rd4 45. Kf3 Rd1 46.
Ke2 Rh1 47. h4 h6 48. Nd3 Bd4 49. Rd2 Ra1 50. Rc2 g5 51. hxg5 hxg5 52. Kf3 Kg6 53.
Ke4 Bf6 54. Kd5 Rd1 55. Ke4 Be7 56. Rb2 Bd8 57. Ke3 Kf5 58. Ke2 Ra1 59. Rb5+ Kg4 60.
Rd5 Be7 61. Re5 Ra2+ 62. Ke3 Bf6 63. Re4+ Kf5 64. g4+ Kg6 65. Ne5+ Kg7 66. Nd7 Ra3+ 67. Ke2 Ra2+ 68. Kf3 Rb2 69. Re6 Bd4 70. Ke4 Bxf2 71.
Kf5 Bd4 72. Re7+ Kg8 73. Kg6 Bc5 74. Re8+ 1-0

[Event "*** Titled Tuesday Blitz"]
[Site "Chess.com"]
[Date "2020.04.14"]
[Round "9"]
[White "GM_RobertoMogranzini"]
[Black "Chessialist"]
[Result "1/2-1/2"]
[WhiteElo "2532"]
[BlackElo "2644"]
[TimeControl "180+1"]
[EndTime "11:44:37 PDT"]
[Termination "Game drawn by repetition"]

1. e4 c5 2. Nf3 e6 3. Nc3 a6 4. a4 Qc7 5. g3 Nc6 6. Bg2 g6 7. d4 cxd4 8. Nxd4 Bg7 9. Nde2 Nge7 10. O-O d6 11. Bf4 Ne5 12. a5 O-O 13. Nd4 Bd7 14. Nb3 Rac8 15. Qe2 Rfd8 16. Rfd1 Bc6 17. Bg5 h6 18.
Be3 Qb8 19. Bb6 Re8 20. Bd4 Bd7 21. Nd2 N7c6 22. Bb6 Nb4 23. f4 Nec6 24. Nb3 Na7 25. Bd4 Nb5 26. Bxg7 Kxg7 27. Qf2 Qc7 28. Nxb5 Bxb5 29.
Qd4+ e5 30. Qxb4 Qxc2 31. Rd2 Qc7 32. Qxd6 Qc4 33. Qd5 Qb4 34. Rad1 Rcd8 35. Qc5 Rxd2 36. Qxb4 Rxd1+ 37. Kf2 exf4 38. gxf4 Rc8 39. Nc5 Rcd8 40.
Qc3+ Kg8 41. b4 R8d2+ 42. Kg3 h5 43. h4 Rd4 44. f5 gxf5 45. Bf3 fxe4 46. Bxd1 Rxd1 47.
Nxe4 Rd3+ 48. Qxd3 Bxd3 49. Nf6+ Kg7 50. Nxh5+ Kh6 51.
Nf4 Bb5 52. Nd5 Bc6 53. Ne7 Kg7 54. Nf5+ Kf6 55. Nd6 Ke6 56. Nc4 f5 57. Kf4 Be4 58. Ne3 Kf6 59. h5 Bd3 60. h6 Kg6 61. h7 Kxh7 62. Nxf5 Kg6 63. Nd6 Kf6 64. Nxb7 Ke7 65. Nc5 Bb5 66. Ke5 Kd8 67. Kd6 Kc8 68. Ne6 Kb7 69. Kc5 Bf1 70. Nd8+ Kc7 71. Nc6 Kb7 72. Nd4 Bd3 73. Ne6 Bf1 74. Nd8+ Kc7 75. Nc6 Be2 76.
Ne5 Bf1 77. Nc4 Be2 78. Nb6 Kb7 79. Nd5 Bf1 80. Nf4 Kc7 81. Ne6+ Kb7 1/2-1/2

[Event "*** Titled Tuesday Blitz"]
[Site "Chess.com"]
[Date "2020.04.14"]
[Round "9"]
[White "IwkooO"]
[Black "UmutErdemGunduz"]
[Result "1/2-1/2"]
[WhiteElo "2538"]
[BlackElo "2383"]
[TimeControl "180+1"]
[EndTime "11:44:41 PDT"]
[Termination "Game drawn by repetition"]

1. e4 c6 2. d4 Na6 3. c4 g6 4. Nc3 Bg7 5. Nf3 Nc7 6. Bf4 d6 7. Be2 Nf6 8. O-O O-O 9. Qd2 b5 10. cxb5 cxb5 11. e5 Nfd5 12. Nxd5 Nxd5 13. Bxb5 Nxf4 14.
Qxf4 Rb8 15. Bc4 Rxb2 16. Bb3 dxe5 17. dxe5 Bb7 18. Rfd1 Qb6 19. Ng5 e6 20. Rf1 Ba6 21.
Rfe1 h6 22. Ne4 g5 23. Nf6+ Kh8 24. Qg3 Rd8 25. h4 gxh4 26. Qxh4 Qd4 27. Qxd4 Rxd4 28. g3 Bb7 29. Rf1 Bf3 30. Rac1 Bxf6 31. exf6 Kh7 32. Rc8 Kg6 33. Rc7 Kxf6 34. Rxa7 Rdd2 35. Ra4 e5 36. Ra6+ Kg5 37. Bxf7 e4 38. Rg6+ Kf5 39. Rxh6 Rd1 40.
Rxd1 Bxd1 41. Rh4 Bf3 42. Rf4+ Ke5 43. Kh2 Rxf2+ 44. Kh3 Rf1 45. Kh4 e3 46. Bc4 Rh1+ 47.
Kg5 e2 48. Bxe2 Bxe2 49. Rf8 Kd4 50. Rd8+ Ke3 51. Re8+ Kf2 52. g4 Bf3 53. Rf8 Rg1 54. Rf4 Ra1 55. a4 Ra3 56. Rb4 Kg3 57. Kf5 Rd3 58.
g5 Rd5+ 59. Kf6 Rd6+ 60. Kf7 Bh5+ 61. Ke7 Rg6 62. Rb5 Kh4 63. a5 Be2 64. Rc5 Bf3 65.
Kf7 Ra6 66. g6 Bh5 67. Rc4+ Kg5 68. Rc5+ Kh6 69. Ke7 Bxg6 70. Kd7 Kg7 71. Kc7 Kf7 72. Kb7 Bd3 73. Rc7+ Ke8 74. Rc3 Bb5 75. Rc5 Bd3 76.
Rc3 Bf1 77. Rc1 Bd3 78. Rc3 1/2-1/2

[Event "*** Titled Tuesday Blitz"]
[Site "Chess.com"]
[Date "2020.04.14"]
[Round "9"]
[White "OhanyanEminChess"]
[Black "anushanlv"]
[Result "1/2-1/2"]
[WhiteElo "2544"]
[BlackElo "2216"]
[TimeControl "180+1"]
[EndTime "11:44:43 PDT"]
[Termination "Game drawn by stalemate"]

1. e4 c6 2. d4 d5 3. Nc3 dxe4 4. Nxe4 Nf6 5. Nxf6+ exf6 6. Bd3 Qxd4 7. Nf3 Qd8 8. O-O Be7 9. Re1 O-O 10. Nd4 Re8 11. Bf4 Bf8 12. Rxe8 Qxe8 13. Qh5 g6 14.
Qh4 Bg7 15. Bh6 Nd7 16. Bxg7 Kxg7 17. f3 Qe3+ 18. Kh1 Qh6 19. Qg3 Ne5 20. Re1 Bd7 21. h3 Re8 22. Bf5 Kf8 23. Bxd7 Rd8 24. f4 Nxd7 25. Qa3+ c5 26. Qe3 Kg8 27. Qe7 Qf8 28. Nb5 Qxe7 29. Rxe7 Kf8 30. Re3 a6 31. Nd6 b5 32.
Ra3 Nb8 33. Ne4 c4 34. Nxf6 Rd2 35. Rc3 Kg7 36. Ne4 Re2 37. Ng3 Rd2 38. Ne4 Re2 39. Nc5 Rf2 40. a4 Rxf4 41. a5 Nc6 42. Ra3 Nb8 43. Re3 Rf5 44. Re8 Rxc5 45. Rxb8 c3 46. b3 Rd5 47. Rb6 Rd2 48. Rxa6 Rxc2 49. Kh2 Ra2 50.
b4 Ra4 51. Rc6 Rxb4 52. Rxc3 Ra4 53. Rc5 Rxa5 54. Kg3 Ra3+ 55. Kf4 Rb3 56. Rc6 h5 57. Rb6 Rb2 58. Kf3 b4 59. Kf4 h4 60. Kf3 Rb1 61. Rb5 b3 62. Kg4 Rb2 63. Kxh4 Rxg2 64. Rxb3 Kh6 65.
Rb5 f6 66. Rh5+ Kg7 67. Ra5 f5 68. Ra7+ Kh6 69. Ra6 Rg1 70. Rxg6+ Kxg6 1/2-1/2

[Event "*** Titled Tuesday Blitz"]
[Site "Chess.com"]
[Date "2020.04.14"]
[Round "9"]
[White "Guachiney"]
[Black "GeorgMeier"]
[Result "0-1"]
[WhiteElo "2844"]
[BlackElo "3050"]
[TimeControl "180+1"]
[EndTime "11:44:45 PDT"]
[Termination "GeorgMeier won on time"]

1. e4 e6 2. d4 d5 3. Nd2 dxe4 4.
Nxe4 Nd7 5. Nf3 Ngf6 6. Nxf6+ Nxf6 7. g3 b6 8. Bb5+ Bd7 9. a4 a6 10. Be2 Bc6 11. O-O Bd6 12. Ne5 Bxe5 13. dxe5 Qd5 14.
Qxd5 Nxd5 15. a5 b5 16. Bd2 O-O-O 17. Rfd1 Rd7 18. Kf1 h6 19. Ke1 Rhd8 20. b3 Kb7 21. c4 Ne7 22. Bc3 Nf5 23. Rxd7 Rxd7 24. Rd1 Rxd1+ 25.
Kxd1 bxc4 26. bxc4 Be4 27. Kd2 c5 28. g4 Nh4 29. Ke3 Bc6 30. f3 Ng2+ 31. Kf2 Nf4 32. Bf1 g5 33. Bd2 Ng6 34. Bc3 Ba4 35. Bd3 Nf4 36. Bf1 Bc2 37. Bd2 Ng6 38. Bc3 Kc6 39.
Ke3 Bb1 40. Be2 Nf4 41. Bf1 Ng6 42. Be2 Bc2 43. Bf1 Kd7 44. Be2 Ba4 45. Bd3 Nh4 46. Bf1 Bd1 47. f4 Bxg4 48. fxg5 hxg5 49. Kf2 Ng6 50.
Bg2 Kc7 51. Bd2 Nxe5 52. Bxg5 Nxc4 53. Bf1 Nxa5 54. Bxa6 Nc6 55. h4 Kd6 56. Bb5 e5 57. Bc4 Bh5 58. Bb5 Nd4 59. Be8 Ke6 60. Bd8 Nf5 61.
Bb5 Nd6 62. Ba4 f6 63. Bb3+ c4 64. Bc2 Nf5 65. Bxf5+ Kxf5 66. Ke3 Ke6 67. Kd2 f5 68. Kc3 Kd5 69. Bg5 Be2 70. Bh6 f4 71. Bg5 Ke6 72. Bh6 Kf5 73. h5 Bxh5 74. Bg7 e4 75. Kxc4 e3 76. Kd3 Kg4 77. Bd4 Kf3 78. Kc2 Ke2 0-1

[Event "*** Titled Tuesday Blitz"]
[Site "Chess.com"]
[Date "2020.04.14"]
[Round "9"]
[White "ChessAintFun"]
[Black "swayamsm"]
[Result "1-0"]
[WhiteElo "2555"]
[BlackElo "2655"]
[TimeControl "180+1"]
[EndTime "11:44:45 PDT"]
[Termination "ChessAintFun won on time"]

1. e4 e6 2. d4 d5 3. e5 c5 4. c3 Qb6 5. Nf3 Nc6 6. a3 Nh6 7.
b4 cxd4 8. cxd4 Nf5 9. Be3 f6 10. exf6 gxf6 11. Bd3 Nxe3 12. fxe3 Bg7 13. Nc3 O-O 14.
O-O Qd8 15. Qb3 Bd7 16. e4 dxe4 17. Bxe4 Kh8 18. Rad1 Ne7 19. d5 exd5 20. Nxd5 Nxd5 21. Bxd5 Bb5 22. Rfe1 Rc8 23. Nd4 Qb6 24. Kh1 Bd7 25.
Qf3 f5 26. Ne6 Bxe6 27. Rxe6 Qb5 28. Bxb7 Rc3 29. Qd5 Qxd5 30. Bxd5 Rxa3 31. Bc6 f4 32. Re7 a6 33. h3 Ra1 34. Rxa1 Bxa1 35. Be4 Bg7 36.
Ra7 Rb8 37. Rxa6 Bd4 38. Ra4 Bc3 39. Ra7 Rxb4 40. Rxh7+ Kg8 41. Re7 Kf8 42. Rc7 Be1 43. Bf5 Bg3 44. Kg1 Rb5 45. Bd3 Rd5 46. Be2 Rd8 47.
Kf1 f3 48. Rc3 fxe2+ 49. Kxe2 Be5 50. Rc5 Bg7 51. Kf3 Rd3+ 52. Ke2 Rg3 53. Kf2 Ra3 54. Rc7 Bd4+ 55. Ke2 Ra2+ 56. Kf3 Rf2+ 57. Kg3 Rf1 58. Rc4 Be5+ 59. Kg4 Kf7 60. Rc6 Rf4+ 61. Kg5 Rf2 62. g4 Bf4+ 63. Kh5 Rh2 64. g5 Rg2 65. h4 Bd2 66. Rc2 Kg7 67. Rc7+ Kf8 68. Kg6 Rh2 69. Rc8+ Ke7 70. h5 Kd7 71. Rc2 Rg2 72. Kh7 Ke6 73. g6 Kf6 74. h6 Rh2 75. Rxd2 1-0

[Event "*** Titled Tuesday Blitz"]
[Site "Chess.com"]
[Date "2020.04.14"]
[Round "9"]
[White "FROGGY64"]
[Black "english_player_89"]
[Result "0-1"]
[WhiteElo "2362"]
[BlackElo "2521"]
[TimeControl "180+1"]
[EndTime "11:44:47 PDT"]
[Termination "english_player_89 won by checkmate"]

1. d4 Nf6 2. Bg5 Ne4 3. Bf4 d5 4. e3 e6 5. Bd3 Bd6 6. Bxd6 cxd6 7. f3 Nf6 8. Nc3 b6 9. Nge2 Ba6 10. O-O O-O 11.
e4 dxe4 12. fxe4 Bxd3 13. Qxd3 Nc6 14. Qg3 Rc8 15. Rad1 Qe7 16. e5 dxe5 17. dxe5 Qc5+ 18. Kh1 Qxe5 19. Qh4 Ne7 20. Nf4 Ng6 21. Nxg6 hxg6 22.
Rfe1 Qh5 23. Qg3 Rfd8 24. h3 Qf5 25. Rxd8+ Rxd8 26. Re2 Qc5 27. Qf3 Qd6 28. a3 Rc8 29.
Re1 Qc6 30. Qe3 Qc5 31. Qf4 Qf5 32. Qg3 Qxc2 33. Re2 Qc1+ 34. Kh2 Nh5 35. Qf3 Qf4+ 36. Qxf4 Nxf4 37. Rd2 Rc7 38. Kg3 Nh5+ 39. Kf3 Nf6 40.
Rd8+ Kh7 41. g4 g5 42. Ke3 Kg6 43. Nb5 Rb7 44. Nd6 Rd7 45. Rxd7 Nxd7 46. Ke4 f5+ 47. gxf5+ exf5+ 48. Nxf5 Nc5+ 49. Ke5 Nd3+ 50. Ke6 Nxb2 51. Nd6 Kh5 52. Kf5 g6+ 53. Kf6 a5 54. Nf7 Nc4 55.
Nxg5 Nxa3 56. Ne4 Nc4 57. Nc3 Nb2 58. Ke5 a4 59. Kd6 a3 60. Kc6 Kh4 61. Kxb6 Kxh3 62. Kc5 g5 63. Kb4 a2 64. Nxa2 g4 65. Nc3 g3 66.
Ne4 Nd3+ 67. Kc3 g2 68. Ng5+ Kg4 69. Kxd3 Kxg5 70. Ke2 g1=Q 71. Kd2 Qh2+ 72. Kd3 Kf4 73. Kc4 Qd2 74. Kc5 Ke5 75. Kb5 Qc2 76. Kb6 Kd5 77.
Kb7 Qc6+ 78. Kb8 Qd7 79. Ka8 Kc6 80. Kb8 Qb7# 0-1

[Event "*** Titled Tuesday Blitz"]
[Site "Chess.com"]
[Date "2020.04.14"]
[Round "9"]
[White "Tjktiger"]
[Black "Leonid_Starozhilov"]
[Result "0-1"]
[WhiteElo "2819"]
[BlackElo "2691"]
[TimeControl "180+1"]
[EndTime "11:44:56 PDT"]
[Termination "Leonid_Starozhilov won on time"]

1. c4 Nf6 2. Nc3 g6 3. e4 d6 4.
d4 Bg7 5. f3 O-O 6. Nge2 Nc6 7.
Be3 a6 8. Qd2 Na5 9. Nc1 Nd7 10. Nb3 c5 11. dxc5 Nxb3 12. axb3 Nxc5 13. Ra3 Be6 14. Be2 f5 15. exf5 gxf5 16. O-O Rc8 17. Re1 Kh8 18. Bf1 Bg8 19. Nd5 Bxd5 20. Qxd5 Qb6 21. Rb1 Qc6 22. Qd2 Nd7 23. b4 Ne5 24.
b3 Bf6 25. b5 axb5 26. cxb5 Qd7 27. Kh1 Rg8 28. Ra7 Ra8 29. Ra4 Rac8 30. Rd1 Qe6 31. Qd5 Qxd5 32. Rxd5 Rc3 33. Bg1 Rc1 34. Be2 Re1 35. Ra2 Bh4 36. Rd1 Rxd1 37. Bxd1 Rc8 38. Rc2 Rxc2 39. Bxc2 e6 40. Bd4 Kg8 41. f4 Nd7 42. b4 Kf7 43. Bd1 Bd8 44. Bf3 d5 45. g4 fxg4 46. Bxg4 Be7 47. Bh5+ Kf8 48. Bg4 Kf7 49.
Bc3 Nf6 50. Bf3 Bd6 51. f5 e5 52. b6 e4 53. Be2 Nd7 54. Bd4 Bxb4 55. Bb5 Ke7 56.
Kg2 Bc5 57. Bxd7 Bxd4 58. Bc8 Bxb6 59. Bxb7 Kd6 60. f6 Ke5 61. f7 Bc5 62. Kf1 d4 63.
Ke2 d3+ 64. Kd2 Bb4+ 65. Ke3 Bc5+ 66. Kd2 Kd4 67. Bc6 Bb4+ 68. Kd1 e3 69. Bf3 Bf8 70. Bg4 Bg7 71. Bh5 Bf8 72. Bg4 Bb4 73. Bh5 Ke5 74.
Bg4 Kf4 75. Bh5 Kg5 76. Bf3 Kh4 77. Kc1 e2 78. Bxe2 dxe2 79. f8=Q e1=Q+ 80. Kc2 Bxf8 0-1

[Event "*** Titled Tuesday Blitz"]
[Site "Chess.com"]
[Date "2020.04.14"]
[Round "9"]
[White "ENEASZ"]
[Black "Trickov"]
[Result "1-0"]
[WhiteElo "2497"]
[BlackElo "2282"]
[TimeControl "180+1"]
[EndTime "11:44:57 PDT"]
[Termination "ENEASZ won on time"]

1. e4 c5 2. c3 Nf6 3. e5 Nd5 4.
d4 cxd4 5. cxd4 Nc6 6. Nf3 d6 7.
Nc3 dxe5 8. dxe5 Nxc3 9. Qxd8+ Nxd8 10. bxc3 e6 11. Bb5+ Nc6 12. Bxc6+ bxc6 13. O-O Ba6 14. Re1 Be7 15. Bg5 Ba3 16. Rab1 O-O 17. Rb3 Bc5 18. Nd4 Bc4 19. Rb2 Ba3 20. Rb7 h6 21. Be7 Bxe7 22.
Rxe7 Bxa2 23. Ra1 Bd5 24. Raxa7 Rxa7 25. Rxa7 c5 26. Nc2 Rb8 27. h3 Rb1+ 28. Kh2 Rc1 29. Ne3 Rxc3 30. Rd7 Be4 31. g4 Rc1 32. Rd8+ Kh7 33.
Rd7 Bg6 34. h4 h5 35. gxh5 Bxh5 36. Rc7 Bg6 37. Kg3 Kh6 38. Kf4 Kh5 39. Rc8 Bh7 40.
Rh8 Kg6 41. h5+ Kh6 42. Ng4+ Kxh5 43. Rxh7+ Kg6 44. Rh8 Rc4+ 45. Kg3 Re4 46. f3 Re1 47. Rc8 Rc1 48. Kf4 Rc4+ 49. Kg3 Rc1 50. Rc7 Rc4 51. Nf2 f6 52. exf6 gxf6 53. Ne4 f5 54. Nxc5 Rc1 55. Nxe6 Rg1+ 56. Kf2 Ra1 57. Nf4+ Kg5 58. Ne2 Ra2 59.
Rc8 Kf6 60. Rg8 Kf7 61. Rc8 Kf6 62. Rf8+ Ke6 63. Ke3 Ra3+ 64. Kf4 Ra4+ 65. Kg5 Ke7 66. Rxf5 Ra2 67. Ng3 Ke6 68. Kg4 Ra4+ 69. Rf4 Ra5 70. Re4+ Kf6 71. f4 Kf7 72. f5 Ra1 73. Kg5 Rg1 74.
Kg4 Ra1 75. Rb4 Ra3 76. Rb7+ Kf6 77. Rb6+ Kf7 78. Ne4 Ra4 79. Kf4 Kf8 80. Ke5 Ra5+ 81. Kf6 Ke8 82. Ng5 Ra7 83. Ne6 1-0

[Event "*** Titled Tuesday Blitz"]
[Site "Chess.com"]
[Date "2020.04.14"]
[Round "9"]
[White "Oligan22"]
[Black "TheCount"]
[Result "1/2-1/2"]
[WhiteElo "2418"]
[BlackElo "2595"]
[TimeControl "180+1"]
[EndTime "11:45:09 PDT"]
[Termination "Game drawn by 50-move rule"]

1. e4 c5 2. Nf3 Nc6 3. d4 cxd4 4. Nxd4 Qb6 5. Nb3 Nf6 6. Nc3 e6 7. Bd3 a6 8. Be3 Qc7 9. f4 d6 10. O-O Be7 11. Qf3 O-O 12. g4 Nd7 13. g5 Re8 14. Qh5 g6 15. Qh6 Bf8 16. Qh4 Bg7 17. Rf3 Nb4 18. Raf1 Nf8 19. a3 Nxd3 20. cxd3 b5 21.
Nd4 Bb7 22. Nde2 d5 23. Rh3 dxe4 24. Nxe4 Bxe4 25. dxe4 Qc4 26. Nc3 Red8 27. e5 Rd3 28.
Bb6 b4 29. axb4 Rxh3 30. Qxh3 Qxb4 31. Qe3 Qxb2 32. Rb1 Qc2 33. Rc1 Qb3 34. Ne4 Qxe3+ 35. Bxe3 a5 36. Nc5 a4 37. Ra1 a3 38. Ra2 Ra5 39. Kf2 h6 40. h4 hxg5 41. hxg5 Nh7 42. Nd7 Bf8 43. Nxf8 Nxf8 44. Bc1 Ra4 45. Kf3 Rc4 46.
Bxa3 Ra4 47. Ra1 Nd7 48. Bb2 Rxa1 49. Bxa1 Kf8 50. Bc3 Ke8 51. Bb4 Nb6 52. Ke4 Kd7 53. Bc5 Kc6 54. Be3 Nc4 55. Bc1 Kc5 56.
Kd3 Kb4 57. Kc2 Ka4 58. Kc3 Kb5 59. Kd4 Kb4 60. Kd3 Kb3 61. Kd4 Kb4 62. Kd3 Kc5 63.
Kc3 Kd5 64. Kd3 Nb6 65. Be3 Na4 66. Ba7 Nb2+ 67. Ke3 Nc4+ 68. Kd3 Na5 69. Ke3 Nc6 70. Bb6 Kc4 71. Ke4 Nb4 72. Ba7 Na2 73. Bb6 Nc3+ 74. Kf3 Kd3 75. Ba5 Ne4 76. Bc7 Nd2+ 77. Kg4 Ke4 78.
Ba5 Nc4 79. Be1 Ne3+ 80. Kg3 Nf5+ 81. Kg4 Ne3+ 82. Kg3 Nd5 83. Bd2 Nb6 84. Bc1 Nc4 85.
Kg4 Kd3 86. Kf3 Kc2 87. Be3 Kd3 88. Ba7 Nd2+ 89. Kg4 Ke4 90. Bb6 Nf1 91. Ba5 Ne3+ 92.
Kg3 Nf5+ 93. Kg4 Ke3 94. Bb4 Kf2 95. Bd2 Ke2 96. Bc1 Kf2 97. Bd2 Kg2 98. Bc1 Nd4 99. Bb2 1/2-1/2

[Event "*** Titled Tuesday Blitz"]
[Site "Chess.com"]
[Date "2020.04.14"]
[Round "9"]
[White "tylityli"]
[Black "kingofthenil"]
[Result "0-1"]
[WhiteElo "2177"]
[BlackElo "2549"]
[TimeControl "180+1"]
[EndTime "11:45:09 PDT"]
[Termination "kingofthenil won by checkmate"]

1. e4 e6 2. Nf3 d5 3. exd5 exd5 4. d4 Bd6 5. Bd3 Ne7 6. h3 Nbc6 7. O-O Bf5 8. c3 Qd7 9. Re1 O-O-O 10. Ng5 Rdf8 11. a4 h6 12. Nf3 g5 13. Ne5 Bxe5 14. dxe5 Ng6 15. Bxf5 Qxf5 16. Qxd5 Ncxe5 17. Nd2 Re8 18. Re3 Nf4 19. Qd4 Nc6 20. Qc4 Rxe3 21. fxe3 Nd3 22.
Nf3 Nde5 23. Qe2 Qd3 24. Qxd3 Nxd3 25. Kf1 Na5 26. Ke2 Nb3 27. Kxd3 Nxa1 28. b4 Rd8+ 29. Nd4 b6 30. Kc4 Kb7 31. Bb2 c5 32. bxc5 bxc5 33.
Kxc5 Re8 34. Bxa1 Rxe3 35. Bb2 Rg3 36. Kd5 Rxg2 37. Bc1 h5 38. c4 g4 39. hxg4 Rxg4 40.
c5 h4 41. c6+ Kc8 42. Nf3 h3 43. Ke5 Rg3 44. Kf4 Rg2 45. Be3 Ra2 46. Bg1 Rxa4+ 47.
Kg3 Rc4 48. Kxh3 Rxc6 49. Bxa7 Rc3 50. Kg4 Kb7 51. Bd4 Rb3 52. Kf4 Rb4 53. Ke4 Rb1 54. Ne5 Re1+ 55. Kf5 Rf1+ 56. Ke4 f6 57. Nc4 f5+ 58.
Ke3 Kc6 59. Bf6 Kd5 60. Nd2 Rh1 61. Kf2 Ke6 62. Bd4 Rh2+ 63. Ke1 Kd5 64. Bf2 f4 65. Ke2 Rh3 66. Nf3 Rh5 67. Kd3 Rh8 68. Ke2 Rf8 69.
Kf1 Ke4 70. Kg2 Rg8+ 71. Kh1 Kxf3 72. Bg1 Rh8+ 73. Bh2 Rc8 74. Bg1 Rh8+ 75. Bh2 Rh7 76. Kg1 Rb7 77. Kh1 Rb6 78. Bg1 Rb5 79. Bh2 Rh5 80. Kg1 Rxh2 81. Kxh2 Ke2 82. Kg1 f3 83. Kh2 f2 84. Kg2 f1=Q+ 85. Kh2 Qf7 86. Kh3 Qg8 87. Kh2 Qg7 88. Kh3 Qg6 89. Kh4 Ke3 90. Kh3 Kf2 91.
Kh2 Qg8 92. Kh3 Kf3 93. Kh4 Kf4 94. Kh5 Kf5 95. Kh6 Qh8# 0-1

[Event "*** Titled Tuesday Blitz"]
[Site "Chess.com"]
[Date "2020.04.14"]
[Round "9"]
[White "kintoho"]
[Black "JiaHaoxiang"]
[Result "1-0"]
[WhiteElo "2465"]
[BlackElo "2591"]
[TimeControl "180+1"]
[EndTime "11:45:34 PDT"]
[Termination "kintoho won by checkmate"]

1. e4 c5 2. Nf3 e6 3. c3 Nf6 4. e5 Nd5 5. d4 cxd4 6. cxd4 d6 7. a3 Nc6 8. Bd3 dxe5 9. dxe5 Bc5 10. O-O Bd7 11.
Bd2 Nd4 12. Nc3 Nxf3+ 13. Qxf3 Nxc3 14. Bxc3 Bc6 15. Qg3 g6 16. Rfd1 Qe7 17. Rac1 O-O 18. b4 Bb6 19. b5 Bd5 20. Bb4 Qd8 21. Bxf8 Qxf8 22. Bc4 Be4 23. Qf4 Bd5 24. Bxd5 exd5 25. Rxd5 Qxa3 26. Rd7 Rf8 27. Rcd1 Qb2 28. R7d5 a5 29.
bxa6 bxa6 30. h4 h5 31. Rd6 a5 32. Qg3 Kg7 33. Qf3 Kg8 34. R1d2 Qa1+ 35. Qd1 Qxd1+ 36. Rxd1 Bc5 37. Rd7 a4 38. Rc1 Bb6 39. Rb7 Bd4 40.
Rb4 Bxe5 41. Rxa4 Bf6 42. g3 Kg7 43. Rb1 Rd8 44. Rb7 Rf8 45. Rab4 Rd8 46. Kg2 Rd5 47. R7b5 Rd2 48. Rf4 Rd6 49. Rb3 Re6 50. Kf1 Rd6 51. Rb7 Re6 52. Rc4 Re8 53. Rcc7 Rf8 54. f4 Kg8 55. Kf2 Kg7 56. Kf3 Kg8 57. f5 Kg7 58. fxg6 Kxg6 59. Rc6 Kg7 60. Kf4 Rd8 61. Rcc7 Rf8 62.
Kf5 Bd4 63. Rd7 Bf2 64. Kf4 Be1 65. Rd4 Bc3 66. Rd5 Rh8 67. Rc7 Bf6 68. Rf5 Rd8 69.
Rxh5 Rd4+ 70. Ke3 Rg4 71. Kf3 Rg6 72. Rf5 Rh6 73. g4 Rxh4 74. g5 Bd8 75. Rd7 Kg6 76.
Rfxf7 Bxg5 77. Rg7+ Kf6 78. Rdf7+ Ke6 79. Ra7 Bf6 80.
Rg6 Kf5 81. Rg8 Rh3+ 82. Kg2 Rd3 83. Rf7 Ke6 84. Rgf8 Be5 85. Rf3 Rxf3 86. Kxf3 Kd5 87. Rf5 Kd6 88. Ke4 Bc3 89. Rf3 Bb4 90. Rb3 Bc5 91. Rb2 Kc6 92. Ke5 Bd6+ 93. Kd4 Bc5+ 94.
Kc4 Bb6 95. Rh2 Kb7 96. Rh6 Bc7 97. Kb5 Ka8 98. Rh7 Bb8 99. Kb6 Bd6 100. Ra7+ Kb8 101. Rd7 Bf4 102. Rd8# 1-0

[Event "*** Titled Tuesday Blitz"]
[Site "Chess.com"]
[Date "2020.04.14"]
[Round "9"]
[White "Sharafiev_Azat"]
[Black "picturesquecheck"]
[Result "0-1"]
[WhiteElo "2479"]
[BlackElo "2220"]
[TimeControl "180+1"]
[EndTime "11:45:36 PDT"]
[Termination "picturesquecheck won on time"]

1. c4 c5 2. Nf3 Nc6 3. Nc3 g6 4. e3 d6 5. d4 cxd4 6. exd4 Bg7 7. d5 Nb8 8. h3 Nf6 9. Bd3 O-O 10. O-O a5 11. Re1 Na6 12. Qe2 Re8 13. Be3 Nd7 14. Bd4 Ndc5 15. Bc2 Nb4 16. Bxg7 Kxg7 17. Nd4 Nxc2 18.
Qxc2 Qb6 19. Rad1 Bd7 20. Re2 Rac8 21. Rde1 e5 22. dxe6 fxe6 23. Qd2 e5 24. Ndb5 Bxb5 25. Nxb5 Rcd8 26. Nc3 Ne6 27. Nd5 Qc5 28. b3 Rf8 29. Kh2 Nf4 30. Nxf4 Rxf4 31. Rxe5 Qxf2 32. Re7+ Kg8 33.
Qd5+ Rf7 34. Re8+ Rxe8 35. Rxe8+ Kg7 36. Qxd6 Qxa2 37. Qe5+ Kh6 38. Qe3+ Kg7 39. Qd4+ Kh6 40. Rg8 Qf2 41. Qxf2 Rxf2 42. Rb8 Rb2 43. Rxb7 a4 44. b4 a3 45. b5 Rb4 46. Ra7 Rxc4 47. Rxa3 Rb4 48. Ra5 Rb2 49. Kg3 Kg5 50. Ra7 Rxb5 51. Rxh7 Rb3+ 52. Kh2 Rb2 53. Rf7 Rb3 54. Rf2 Rc3 55.
Re2 Rb3 56. g3 Rc3 57. Kg2 Rb3 58. Kf2 Ra3 59. Re5+ Kf6 60. Re3 Ra2+ 61. Kf3 Ra1 62. Kg4 Ra4+ 63. Kf3 Ra1 64. Re4 Ra3+ 65. Kg4 Rb3 66. h4 Rc3 67. Kf4 Ra3 68. Rb4 Ra1 69. Rb6+ Kf7 70. Kg5 Ra5+ 71. Kg4 Kg7 72. Rb4 Kh6 73. Kf4 Rc5 74. g4 Ra5 75. Rb7 Ra4+ 76. Kf3 Ra3+ 77. Kf2 Ra2+ 78. Ke3 Ra3+ 79. Ke2 Ra2+ 80.
Kd3 Ra3+ 81. Kd2 Ra2+ 82. Kc3 Ra3+ 83. Kc2 Ra2+ 84. Kb3 Rg2 85. g5+ Kh5 86. Rh7+ Kg4 87.
Kc4 Rh2 88. Rh6 Rxh4 89. Rxh4+ Kxh4 90. Kd3 Kxg5 91. Ke3 Kg4 92. Kf2 Kh3 93. Kf1 Kg3 94. Kg1 g5 95. Kf1 Kh2 96. Kf2 g4 97. Kf1 g3 0-1